 Dungeon Crawl Stone Soup version 0.31-a0-486-g8d68a81214 (webtiles) character file.

Game seed: 15517905633983356900

1711 LustLizard the Ruffian (level 9, -10/59 HPs)
             Began as an Octopode Shapeshifter on Aug 7, 2023.
             Was a Follower of Wu Jian.
             Splashed by a jelly's acid (11 damage)
             ... on level 7 of the Dungeon.
             The game lasted 00:10:49 (5227 turns).

LustLizard the Ruffian (Octopode Shapeshifter)      Turns: 5227, Time: 00:10:49

Health: -10/59     AC: -19   Str: 14    XL:     9   Next: 4%
Magic:  0/14       EV: 13    Int: 14    God:    Wu Jian [*.....]
Gold:   313        SH:  0    Dex: 13    Spells: 9/14 levels left

rFire   + .          .
                       - Unarmed
rCold   . . .        (no shield)
rNeg    . . .        (helmet currently unavailable)
rPois   .            s - amulet of guardian spirit
rElec   .            B - ring of protection from fire
rCorr   .            (no ring)
SInv    .            (no ring)
Will    .....        (no ring)
Stlth   ++++         (no ring)
HPRegen 0.29/turn    (no ring)
MPRegen 0.14/turn    (no ring)
                     (no ring)

%: guardian spirit
@: brilliant, beast-form, corroded
A: beast (slay +3), almost no armour, amphibious, 8 rings, camouflage 1,
gelatinous body 1, (nimble swimmer 1), tentacles
a: Begin Untransformation, Renounce Religion


You were on level 7 of the Dungeon.
You worshipped Wu Jian.
Wu Jian was aware of your devotion.
You were a hulking beast.
You visited 2 branches of the dungeon, and saw 8 of its levels.

You collected 313 gold pieces.

Inventory:

Hand Weapons
 z - the +7 dagger of the Protecting Viper {freeze, Int+3}
   (You found it on level 6 of the Dungeon)

   Int:       It affects your intelligence (+3).
Missiles
 c - 14 poisoned darts
 h - 2 throwing nets
 C - a curare-tipped dart
Jewellery
 s - an amulet of guardian spirit (around mantle)
 B - a ring of protection from fire (left tentacle)
Talismans
 b - a beast talisman (active)
Wands
 m - a wand of flame (39)
 v - a wand of iceblast (12)
 x - a wand of paralysis (12)
Scrolls
 e - 6 scrolls of identify {unknown}
 g - a scroll of poison {unknown}
 i - a scroll of butterflies {unknown}
 j - a scroll of amnesia {unknown}
 p - a scroll of brand weapon {unknown}
 r - a scroll of torment {unknown}
 u - 2 scrolls of blinking {unknown}
 y - a scroll of immolation {unknown}
 A - a scroll of noise {unknown}
Potions
 a - a potion of lignification
 d - 3 potions of curing
 f - a potion of degeneration {unknown}
 k - 2 potions of mutation {unknown}
 l - 3 potions of brilliance
 n - a potion of invisibility {unknown}
 o - a potion of resistance {unknown}
 q - a potion of enlightenment {unknown}
 t - 4 potions of heal wounds {unknown}
 w - a potion of berserk rage {unknown}


   Skills:
 + Level 4.5 Fighting
 - Level 2.0 Dodging
 - Level 6.0 Stealth
 * Level 7.2 Unarmed Combat
 + Level 3.4 Spellcasting
 * Level 1.0 Conjurations
 * Level 1.0 Air Magic
 * Level 1.3 Poison Magic
 + Level 4.8 Shapeshifting


You had 9 spell levels left.
You knew the following spells:

 Your Spells              Type           Power      Damage    Failure   Level
a - Poisonous Vapours     Pois/Air       16%        N/A       19%         2
b - Mephitic Cloud        Conj/Pois/Air  8%         N/A       36%         3

Your spell library contained the following spells:

 Spells                   Type           Power      Damage    Failure   Level
 Necrotise                Necr           12%        1d4       21%         1
 Dazzling Flash           Conj/Hex       10%        N/A       45%         3
 Gell's Gravitas          Tloc           3%         N/A       52%         3
 Teleport Other           Tloc           3%         N/A       52%         3
 Vampiric Draining        Necr           3%         2d6       52%         3
 Agony                    Necr           3%         N/A       99%         5
 Freezing Cloud           Conj/Ice/Air   3%         6-21      99%         5
 Silence                  Hex/Air        2%         N/A       99%         5
 Dispersal                Tloc           1%         N/A       100%        6


Dungeon Overview and Level Annotations

Branches:
Dungeon (7/15)             Temple (1/1) D:4

Altars:
Ashenzari
Cheibriados
Elyvilon
Fedhas
Gozag
Hepliaklqana
Kikubaaqudgha
Makhleb
Nemelex Xobeh
Okawaru
Qazlal
Ru
Sif Muna
Trog
Vehumet
Wu Jian
Xom
Yredelemnul
The Shining One

Annotations:
D:1 2 transporters
D:6 Edmund


Innate Abilities, Weirdness & Mutations

You are a hulking beast.
Your limbs bulge with bestial killing power. (Slay +3)
You cannot wear most types of armour.
You are amphibious.
You can wear up to eight rings at the same time.
Your skin changes colour to match your surroundings (Stealth+).
Your rubbery body absorbs attacks. (AC +1, EV +1)
((You are camouflaged when in or above water. (Stealth+)))
You have tentacles for arms and can constrict up to eight enemies at once.


Message History

The jelly is severely wounded.
The jelly barely misses you. The jelly hits you.
You are splashed with acid!
You tentacle-slap the jelly but do no damage.
Your tentacles burn!
The jelly is severely wounded.
You tentacle-slap the jelly. The acid corrodes you!
Your tentacles burn!
You squeeze the jelly.
The jelly is almost dead.
The jelly barely misses you. The jelly misses you.
You barely miss the jelly.
The jelly is almost dead.
The jelly hits you. The acid corrodes you!
You are splashed with acid!
The jelly hits you. The acid corrodes you!
You are splashed with acid!
* * * LOW HITPOINT WARNING * * *
You tentacle-slap the jelly.
Your tentacles burn!
* * * LOW HITPOINT WARNING * * *
The jelly is almost dead.
The jelly hits you.
* * * LOW HITPOINT WARNING * * *
The acid corrodes you!
You are splashed with acid!
* * * LOW HITPOINT WARNING * * *
The jelly misses you.
You tentacle-slap the jelly but do no damage.
Your tentacles burn!
* * * LOW HITPOINT WARNING * * *
The jelly is almost dead.
The jelly barely misses you. The jelly misses you.
Unknown command.
It was a potion of curing.
You feel better. The jelly barely misses you. The jelly hits you.
* * * LOW HITPOINT WARNING * * *
The acid corrodes you!
You are splashed with acid!
* * * LOW HITPOINT WARNING * * *
Unknown command.
It was a potion of brilliance.
You feel clever all of a sudden. The jelly barely misses you.
The jelly hits you.
* * * LOW HITPOINT WARNING * * *
The acid corrodes you!
You are splashed with acid!
You die...

.####
#.#.......#..#
.....#
#.#######.#..#
......##.# #.#..#
._8_...#.# #.#
.._....#.# #.#
.......#.# #.#
.......#.##### #.#
............J###.#
#######....hJ..#
#......)##.#.#
#......)##.#.#
#......)##.#.#####
####....).........
####.##.#.#####
..##.#.# ####)# #
#.#


You could see 2 jellies.

Vanquished Creatures
  A water moccasin (D:7)
  A sky beast (D:6)
  2 ogres (D:5)
  2 centaurs
  A phantom (D:6)
  A kobold brigand (D:7)
  3 scorpions
  A bullfrog (D:7)
  A howler monkey (D:6)
  5 hounds
  A jelly (D:5)
  2 orc priests (D:5)
  3 sleepcaps
  4 orc wizards
  A gnoll (D:7)
  6 adders
  2 white imps
  2 ufetubi
  A worm (D:2)
  2 dart slugs
  9 orcs
  10 endoplasms
  8 giant cockroaches
  7 hobgoblins
  2 jackals (D:4)
  3 quokkas
  8 ball pythons
  4 bats
  8 frilled lizards
  5 goblins
  13 kobolds
  6 rats
125 creatures vanquished.

Vanquished Creatures (others)
  Sigmund (D:6)
1 creature vanquished.

Grand Total: 126 creatures vanquished

Notes
Turn   | Place    | Note
-------+----------+-------------------------------------------
     0 | D:1      | LustLizard the Octopode Shapeshifter began the quest for
                  | the Orb.
     0 | D:1      | Reached XP level 1. HP: 13/13 MP: 1/1
    94 | D:1      | Reached XP level 2. HP: 18/18 MP: 2/2
   111 | D:1      | Reached skill level 1 in Stealth
   349 | D:1      | Reached XP level 3. HP: 16/23 MP: 3/3
  1367 | D:3      | Reached XP level 4. HP: 29/29 MP: 4/4
  1826 | D:4      | Found a staircase to the Ecumenical Temple.
  1829 | D:4      | Reached skill level 4 in Unarmed Combat
  1833 | Temple   | Entered the Ecumenical Temple
  1842 | Temple   | Became a worshipper of the Wu Jian Council
  2015 | D:4      | Noticed a scorpion
  2020 | D:4      | Killed a scorpion
  2021 | D:4      | Reached XP level 5. HP: 27/34 MP: 3/5
  2719 | D:5      | Entered Level 5 of the Dungeon
  2788 | D:5      | Noticed an ogre
  2801 | D:5      | Reached skill level 1 in Spellcasting
  2859 | D:5      | Reached XP level 6. HP: 41/41 MP: 7/7
  3070 | D:5      | Reached skill level 5 in Unarmed Combat
  3253 | D:5      | Reached XP level 7. HP: 33/46 MP: 6/9
  4042 | D:6      | Noticed Edmund
  4107 | D:6      | Reached skill level 5 in Stealth
  4107 | D:6      | Reached skill level 6 in Unarmed Combat
  4107 | D:6      | Reached XP level 8. HP: 49/54 MP: 9/11
  4205 | D:6      | Found a sacrificial altar of Ru.
  4317 | D:6      | Noticed Sigmund
  4327 | D:6      | Killed Sigmund
  4483 | D:6      | Identified the +7 dagger of the Protecting Viper {freeze,
                  | Int+3}
  4853 | D:7      | Reached skill level 7 in Unarmed Combat
  4870 | D:7      | Noticed a yak
  4908 | D:7      | Learned a level 2 spell: Poisonous Vapours
  4912 | D:7      | Learned a level 3 spell: Mephitic Cloud
  5056 | D:7      | Found an ancient bone altar of Kikubaaqudgha.
  5057 | D:7      | Found a hazy altar of Hepliaklqana.
  5135 | D:7      | Reached * piety under Wu Jian
  5136 | D:7      | Reached skill level 1 in Conjurations
  5136 | D:7      | Reached skill level 1 in Air Magic
  5136 | D:7      | Reached skill level 1 in Poison Magic
  5136 | D:7      | Reached XP level 9. HP: 37/59 MP: 8/14
  5212 | D:7      | Found a shimmering blue altar of Sif Muna.
  5225 | D:7      | HP: 1/59 [acid (4)]
  5227 | D:7      | Splashed by a jelly's acid

Illustrated notes

Levels and vault maps discovered:
D:1:      spicycebolla_arrival_transporter_tutorial, layout_rooms, hex_large,
          chequers_arboretum
D:2:      layout_loops_ring
D:3:      layout_basic
D:4:      nicolae_cairo_tiling_large, layout_loops_ring,
          minmay_temple_entry_wispy, nicolae_letterblocks
          [nicolae_letter_subblock, nicolae_letter_subblock,
          nicolae_letter_subblock, nicolae_letter_subblock,
          nicolae_letter_subblock, nicolae_letter_subblock,
          nicolae_letter_subblock, nicolae_letter_subblock,
          nicolae_letter_subblock, nicolae_letter_subblock,
          nicolae_letter_subblock, nicolae_letter_subblock,
          nicolae_letter_subblock, nicolae_letter_subblock,
          nicolae_letter_subblock, nicolae_letter_subblock,
          nicolae_letter_subblock, nicolae_letter_subblock,
          nicolae_letter_subblock, nicolae_letter_subblock,
          nicolae_letter_subblock, nicolae_letter_subblock,
          nicolae_letter_subblock, nicolae_letter_subblock,
          nicolae_letter_subblock]
D:5:      layout_cave_pools, patterned_corridor
D:6:      layout_cave_pools, mainiacjoe_overflow_paths, uniq_edmund,
          uniq_sigmund
D:7:      layout_basic, chequers_temple_overflow_statue_of_worship,
          jmf_multi_god_temple2, serial_shops, nicolae_shop_hallway_stairs,
          dreamdust_gnoll_shepherd, uniq_crazy_yiuf_cottage
Temple:   hellmonk_temple_two_chambers

Skill      XL: |  1  2  3  4  5  6  7  8 |
---------------+-------------------------+-----
Stealth        | 1 2 3 4 5 6 |  6.0
Fighting       | 2 3 4 |  4.5
Unarmed Combat | 4 5 6 7 |  7.2
Spellcasting   | 1 2 3 |  3.4
Shapeshifting  | 4 |  4.8
Conjurations   | 1 |  1.0
Air Magic      | 1 |  1.0
Poison Magic   | 1 |  1.3
Dodging        | |  2.0

Action                     |  1- 3 |  4- 6 |  7- 9 || total
---------------------------+-------+-------+-------++-------
  Melee: Unarmed           |    74 |    87 |   111 ||   272
         Constrict         |    16 |    21 |    22 ||    59
         Tentacles         |    11 |    28 |    28 ||    67
         Punch             |     1 |     5 |     6 ||    12
  Throw: Dart              |       |     5 |     5 ||    10
Ability: Lunge             |       |     7 |    17 ||    24
    Use: Scroll            |     1 |       |       ||     1
         Potion            |       |       |     2 ||     2
   Stab: Sleeping          |     2 |    20 |     7 ||    29
         Distracted        |       |     1 |     1 ||     2
 Armour: Skin              |     4 |     9 |     2 ||    15
  Dodge: Dodged            |    29 |    29 |    49 ||   107

Table legend: (Time is in decaauts)
 A = Elapsed time spent in this place.
 B = Non-inter-level travel time spent in this place.
 C = Inter-level travel time spent in this place.
 D = Time resting spent in this place.
 E = Time spent auto-exploring this place.
 F = Levels seen in this place.
 G = Mean time per level.
                   A        B        C        D        E       F      G
               +--------+--------+--------+--------+--------+-----+--------+
         Total |   5207 |   4987 |    220 |    563 |   3286 |   8 |  650.9 |
       Dungeon |   5188 |   4968 |    220 |    563 |   3286 |   7 |  741.1 |
        Temple |     18 |     18 |      0 |      0 |      0 |   1 |   18.0 |
               +--------+--------+--------+--------+--------+-----+--------+

Top non-repeatable levels by time:
     D:5: 1197 daAuts
     D:4: 903 daAuts
     D:6: 789 daAuts
     D:2: 673 daAuts
     D:1: 589 daAuts
     D:3: 525 daAuts
     D:7: 509 daAuts
  Temple: 18 daAuts
